 Seeded DCSS version 0.28-a0-1182-g381e24db82 (webtiles) character file.

Game seed: 20211216 (custom seed)

180 flotson the Ducker (level 5, -6/61 HPs)
             Began as a Demonspawn Gladiator on Dec 16, 2021.
             Mangled by a wyvern (10 damage)
             ... on level 4 of the Dungeon.
             The game lasted 00:04:50 (3079 turns).

flotson the Ducker (Demonspawn Gladiator)           Turns: 3079, Time: 00:04:51

Health: -6/61      AC: 26    Str: 16    XL:     5   Next: 33%
Magic:  5/5        EV:  2    Int: 10    God:
Gold:   41         SH:  0    Dex: 14    Spells: 4/4 levels left

rFire   . . .      SeeInvis .   a - +0 flail
rCold   . . .      Faith    .   (no shield)
rNeg    . . .      Spirit   .   (armour currently unavailable)
rPois   +          Reflect  .   (helmet currently unavailable)
rElec   .          Harm     .   (cloak currently unavailable)
rCorr   .          Rampage  .   (gloves currently unavailable)
Will    .....      NoTele   +   (boots currently unavailable)
Stlth   +.........              (no amulet)
HPRegen 0.20/turn               c - +4 ring of protection
MPRegen 0.09/turn               (no ring)

@: tree-form
A: stationary, stasis, torment immunity, boosted hp, (antennae 1), (slimy green
scales 1), powered by death 1, demonic magic 1
a: no special abilities


You were on level 4 of the Dungeon.
You were a tree.
You visited 1 branch of the dungeon, and saw 4 of its levels.

You collected 52 gold pieces.
You spent 11 gold pieces at shops.

Inventory:

Hand Weapons
 a - a +0 flail (weapon)
Missiles
 g - 11 poisoned darts (quivered)
Armour
 f - a +0 ring mail (melded)
 n - a +0 pair of gloves (melded)
Jewellery
 c - a +4 ring of protection (left branch)
Scrolls
 b - 4 scrolls of blinking {unknown}
 e - 4 scrolls of identify {unknown}
 h - a scroll of vulnerability {unknown}
 j - 2 scrolls of enchant armour {unknown}
 k - 2 scrolls of fear {unknown}
 l - a scroll of immolation {unknown}
 o - a scroll of noise
 p - a scroll of teleportation {unknown}
 q - a scroll of fog {unknown}
Potions
 i - a potion of degeneration {unknown}
 m - a potion of lignification


   Skills:
 + Level 3.0 Fighting
 + Level 3.4 Maces & Flails
 + Level 2.7 Throwing
 + Level 1.9 Armour
 + Level 3.4 Dodging


You had 4 spell levels left.
You didn't know any spells.
Your spell library was empty.

Dungeon Overview and Level Annotations

Branches:
Dungeon (4/15)
 Temple: D:4-7

Altars:
Hepliaklqana

Shops:
D:3 ?[*


Innate Abilities, Weirdness & Mutations

You are a tree.
Your roots penetrate the ground, keeping you stationary.
You cannot be teleported.
You are immune to unholy pain and torment.
Your maximum health is greatly increased.
Your equipment is partially melded.
((You have a pair of small antennae on your head.))
((You are partially covered in slimy green scales. (AC +2)))
You regenerate a little health from kills.
Spells you cast may paralyse adjacent enemies.


Message History

The wyvern is moderately wounded.
The wyvern bites you but does no damage. x2
You closely miss the wyvern.
The wyvern is moderately wounded.
The wyvern bites you.
* * * LOW HITPOINT WARNING * * *
The wyvern bites you!
* * * LOW HITPOINT WARNING * * *
You hit the wyvern.
The wyvern is heavily wounded.
The wyvern bites you but does no damage. x2
You hit the wyvern but do no damage.
The wyvern is heavily wounded.
The wyvern bites you but does no damage. x2
You barely miss the wyvern.
The wyvern is heavily wounded.
The wyvern bites you but does no damage. x2
You hit the wyvern but do no damage.
The wyvern is heavily wounded.
The wyvern bites you but does no damage.
You barely miss the wyvern.
The wyvern is severely wounded.
The wyvern barely misses you.
The wyvern bites you but does no damage.
You barely miss the wyvern.
The wyvern is severely wounded.
The wyvern bites you.
* * * LOW HITPOINT WARNING * * *
The wyvern barely misses you.
Throw: 12 darts (poison)
Press: ? - help, Q - select action Shift-Dir - straight line, f/p - wyvern
Aim: a wyvern (severely wounded, poisoned, 60% to hit)
You throw a poisoned dart. The poisoned dart hits the wyvern.
The wyvern looks even sicker.
The wyvern is severely wounded.
The wyvern bites you but does no damage.
You barely miss the wyvern.
The wyvern is severely wounded.
The wyvern bites you!
You die...

##### #...####
#.#....#
#...##.####.###
##♣###.<.......
#l# ######.###
... ##.#. #.#.#
#.. # ###


You could see a wyvern (very poisoned).

Vanquished Creatures
  A scorpion (D:4)
  An orc priest (D:4)
  3 adders (D:2)
  An adder skeleton (D:4)
  2 dart slugs
  4 orcs
  7 endoplasms
  2 giant cockroaches
  4 goblins
  3 hobgoblins
  3 jackals
  3 quokkas
  4 ball pythons
  2 bats
  4 frilled lizards
  3 kobolds
  2 rats
49 creatures vanquished.

Vanquished Creatures (others)
  34 plants (D:2)
34 creatures vanquished.

Grand Total: 83 creatures vanquished

Notes
Turn   | Place    | Note
-------+----------+-------------------------------------------
     0 | D:1      | flotson the Demonspawn Gladiator began the quest for the
                  | Orb.
     0 | D:1      | Reached XP level 1. HP: 16/16 MP: 1/1
   126 | D:1      | Gained mutation: You regenerate a little health from kills.
                  | [demonic ancestry]
   126 | D:1      | Reached XP level 2. HP: 22/22 MP: 2/2
  1038 | D:2      | Found a hazy altar of Hepliaklqana.
  1058 | D:2      | Reached skill level 1 in Armour
  1058 | D:2      | Gained mutation: Spells you cast may paralyse adjacent
                  | enemies. [demonic ancestry]
  1058 | D:2      | Reached XP level 3. HP: 22/28 MP: 3/3
  1506 | D:3      | Found Gemeg's Weapon Shop.
  1597 | D:3      | Found Juecw's Magic Scroll Boutique.
  1601 | D:3      | Bought a scroll of noise for 11 gold pieces
  1923 | D:3      | Gained mutation: You have a pair of small antennae on your
                  | head. [demonic ancestry]
  1923 | D:3      | Reached XP level 4. HP: 34/34 MP: 4/4
  2009 | D:3      | Found Nuukix's Assorted Antiques.
  2175 | D:3      | Found Heqig's Armour Shoppe.
  2193 | D:3      | Found a faded altar of an unknown god.
  2645 | D:4      | Noticed an ogre
  2792 | D:4      | Noticed a scorpion
  2803 | D:4      | Killed a scorpion
  2804 | D:4      | Gained mutation: You are partially covered in slimy green
                  | scales. (AC +2) [demonic ancestry]
  2804 | D:4      | Reached XP level 5. HP: 30/40 MP: 5/5
  3000 | D:4      | Noticed an ogre
  3056 | D:4      | Noticed a wyvern
  3079 | D:4      | Mangled by a wyvern

Illustrated notes

Levels and vault maps discovered:
D:1:      minmay_arrival_arboretum_small, layout_basic
D:2:      layout_rooms, basic_altar, minmay_misc_feat_four_crosses,
          chequers_serial_rivers_room_b, kennysheep_boxes
D:3:      layout_basic, serial_shops, nicolae_shop_overgrown_old_shop,
          nicolae_shop_window_shopping, nicolae_shop_hallway_stairs, shop,
          basic_ecumenical_altar, serial_curves, eino_curves_03, eino_curves_01,
          minmay_liquid_box
D:4:      layout_loops_cross, minmay_increasing_density

Skill      XL: |  1  2  3  4  5 |
---------------+----------------+-----
Throwing       | 2 |  2.7
Armour         | 1 |  1.9
Dodging        | 3 |  3.4
Maces & Flails | 3 |  3.4
Fighting       | 3 |  3.0

Action                   |  1- 3 |  4- 6 || total
-------------------------+-------+-------++-------
Melee: Flail             |   132 |    61 ||   193
Throw: Dart              |       |    25 ||    25
       Throwing net      |       |     3 ||     3
  Use: Potion            |       |     1 ||     1
 Stab: Held in net/web   |       |     2 ||     2
Armor: Leather armour    |     2 |       ||     2
       Ring mail         |    41 |    14 ||    55
       Skin              |       |    12 ||    12
Dodge: Dodged            |   106 |    28 ||   134

Table legend: (Time is in decaauts)
 A = Elapsed time spent in this place.
 B = Non-inter-level travel time spent in this place.
 C = Inter-level travel time spent in this place.
 D = Time resting spent in this place.
 E = Time spent auto-exploring this place.
 F = Levels seen in this place.
 G = Mean time per level.
                   A        B        C        D        E       F      G
               +--------+--------+--------+--------+--------+-----+--------+
         Total |   3130 |   2976 |    154 |     70 |   2352 |   4 |  782.5 |
       Dungeon |   3130 |   2976 |    154 |     70 |   2352 |   4 |  782.5 |
               +--------+--------+--------+--------+--------+-----+--------+

Top non-repeatable levels by time:
     D:3: 1197 daAuts
     D:1: 922 daAuts
     D:2: 616 daAuts
     D:4: 393 daAuts
